 Dungeon Sprint DCSS version 0.18-a0-596-g6468885 (webtiles) character file.

1195 shane the Grappler (level 8, -2/83 HPs)
             Began as a Minotaur Monk on Dec 3, 2015.
             Was a High Priest of the Shining One.
             Slain by a merfolk
             ... wielding a +0 trident
              (11 damage)
             ... in the Dungeon (Sprint V: "Ziggurat Sprint").
             The game lasted 00:09:30 (286 turns).

shane the Grappler (Minotaur Monk)                   Turns: 286, Time: 00:09:30

Health: -2/83      AC: 20    Str: 24    XL:     8   Next: 20%
Magic:  10/10      EV: 14    Int:  7    God:    the Shining One [*****.]
Gold:   0          SH:  0    Dex: 13    Spells: 0 memorised, 7 levels left

rFire  + + +     SeeInvis .     F - +8 lance "Wyrmbane" {slay drac, +Rage rPois rF+ AC+5}
rCold  x . .     Clarity  .     G - +5 fire dragon armour
rNeg   + + .     SustAt   .     (no shield)
rPois  +         Gourm    .     (helmet restricted)
rElec  .         Spirit   .     (no cloak)
rCorr  .         Dismiss  .     (no gloves)
rMut   .         NoTele   +     (no boots)
MR     .....                    (no amulet)
Stlth  +.........               B - +6 ring of strength
                                k - ring of stealth

@: glowing, not resistant to hostile enchantments, very unstealthy
A: retaliatory headbutt, horns 2
a: Divine Shield, Cleansing Flame, Summon Divine Warrior, Renounce Religion,
Evoke Berserk Rage


You were in the Dungeon.
You worshipped the Shining One.
The Shining One was extremely pleased with you.
You were not hungry.

You visited 1 branch

Inventory:

Hand Weapons
 F - the +8 lance "Wyrmbane" (weapon) {slay drac, +Rage rPois rF+ AC+5}
   (You found it in the Dungeon)

   It affects your AC (+5).
   It protects you from fire.
   It protects you from poison.
   It lets you go berserk.
Armour
 a - a +0 robe
 G - a +5 fire dragon armour (worn)
 H - a +3 buckler
Jewellery
 k - a ring of stealth (left hand)
 w - a +6 ring of dexterity
 x - a +6 ring of dexterity
 y - a +6 ring of intelligence
 z - a +6 ring of intelligence
 A - a +6 ring of strength
 B - a +6 ring of strength (right hand)
Wands
 C - a wand of disintegration (7)
 D - a wand of fire (4)
 E - a wand of cold (5)
Scrolls
 h - 4 scrolls of blinking
 n - 4 scrolls of amnesia
 o - 3 scrolls of recharging
 p - 7 scrolls of fog
 q - a scroll of holy word
 r - 5 scrolls of identify
 s - 5 scrolls of remove curse
 t - 2 scrolls of fear
Potions
 c - 10 potions of curing
 d - 9 potions of heal wounds
 e - 6 potions of haste
 f - 7 potions of magic
 g - 3 potions of berserk rage
 i - 2 potions of brilliance
 j - 4 potions of resistance
 l - 5 potions of agility
 m - 5 potions of might
Comestibles
 b - 5 bread rations
 u - 42 fruits
 v - 4 meat rations


   Skills:
 + Level 12.0 Fighting
 + Level 4.1 Polearms
 + Level 5.6 Armour
 + Level 9.3 Dodging
 + Level 2.9 Stealth
 + Level 12.2 Unarmed Combat
 + Level 4.0 Invocations


You had 7 spell levels left.
You didn't know any spells.

Dungeon Overview and Level Annotations

Branches:
Dungeon (1/1)

Altars:
Ashenzari
Cheibriados
Dithmenos
Elyvilon
Fedhas
Gozag
Kikubaaqudgha
Makhleb
Nemelex Xobeh
Okawaru
Pakellas
Qazlal
Ru
Sif Muna
Trog
Vehumet
Xom
Yredelemnul
Zin
The Shining One
Beogh
Jiyva
Lugonu


Innate Abilities, Weirdness & Mutations

You reflexively headbutt those who attack you in melee.
You have a pair of horns on your head.


Message History

The merfolk is heavily wounded.
The merfolk hits you but does no damage.
The merfolk closely misses you. The merfolk barely misses you.
Attack whom?
Press: ? - help, Dir - move target cursor, f/p - merfolk
Aim: a merfolk, wielding a trident (heavily wounded, haloed)
You reach to attack!
You puncture the merfolk!
The merfolk is severely wounded.
The merfolk hits you from afar with a trident! x2
* * * LOW HITPOINT WARNING * * *
The merfolk hits you but does no damage.
Attack whom?
Press: ? - help, Dir - move target cursor, f/p - merfolk
Aim: a merfolk, wielding a trident (severely wounded, haloed)
You reach to attack!
You puncture the merfolk!
The merfolk is almost dead.
The merfolk hits you from afar with a trident!
* * * LOW HITPOINT WARNING * * *
The merfolk hits you from afar with a trident!
You die...

▓..(..▓.....▓▓▓▓▓▓▓
▓▓▓▓▓▓▓▓▓▓▓▓▓▓
▓..8©8...▓
▓..|}[...▓
▓........▓
▓...m....▓
..mmm...▓
▓.▓....▓.▓
▓...@....▓
▓▓▓▓▓▓▓▓▓▓


You could see 4 merfolk.

Vanquished Creatures
  A deep elf priest (D)
  2 deep elf magi (D)
  A spriggan (D)
  A deep elf fighter (D)
  A phantom (D)
  A black bear (D)
  2 necrophages (D)
9 creatures vanquished.

Notes
Turn   | Place    | Note
--------------------------------------------------------------
     0 | D        | shane the Minotaur Monk began the quest for the Orb.
     0 | D        | Reached XP level 1. HP: 19/19 MP: 0/0
    13 | D        | Found a viscous altar of Jiyva.
    13 | D        | Found a roughly hewn altar of Beogh.
    13 | D        | Found a corrupted altar of Lugonu.
    13 | D        | Found a white marble altar of Elyvilon.
    18 | D        | Found a sparkling altar of Nemelex Xobeh.
    20 | D        | Found a bloodstained altar of Trog.
    20 | D        | Found a deep blue altar of Sif Muna.
    20 | D        | Found a burning altar of Makhleb.
    20 | D        | Found an iron altar of Okawaru.
    28 | D        | Found a radiant altar of Vehumet.
    30 | D        | Found a shimmering altar of Xom.
    45 | D        | Became a worshipper of the Shining One
    45 | D        | Reached * piety under the Shining One
    45 | D        | Reached ** piety under the Shining One
   109 | D        | Reached skill level 8 in Fighting
   109 | D        | Reached XP level 2. HP: 24/35 MP: 0/4
   216 | D        | Entered arena 1.
   216 | D        | Noticed a spriggan
   216 | D        | Noticed a black bear
   225 | D        | Killed a black bear
   225 | D        | Reached skill level 9 in Fighting
   225 | D        | Reached skill level 1 in Armour
   225 | D        | Reached XP level 3. HP: 24/42 MP: 5/5
   225 | D        | Reached XP level 4. HP: 28/50 MP: 6/6
   228 | D        | Killed a spriggan
   228 | D        | Reached skill level 1 in Polearms
   228 | D        | Reached XP level 5. HP: 26/58 MP: 7/7
   240 | D        | Entered arena 2.
   240 | D        | Noticed a necrophage
   240 | D        | Noticed a phantom
   240 | D        | Reached *** piety under the Shining One
   240 | D        | Noticed a necrophage
   245 | D        | Killed a necrophage
   245 | D        | Reached skill level 10 in Fighting
   245 | D        | Reached XP level 6. HP: 37/66 MP: 8/8
   247 | D        | Reached **** piety under the Shining One
   247 | D        | Reached skill level 10 in Unarmed Combat
   254 | D        | Reached XP level 7. HP: 44/73 MP: 9/9
   258 | D        | Entered arena 3.
   258 | D        | Noticed a deep elf priest
   258 | D        | Noticed a deep elf fighter
   258 | D        | Noticed a deep elf mage
   258 | D        | Noticed a deep elf mage
   260 | D        | Killed a deep elf mage
   260 | D        | Reached skill level 11 in Fighting
   260 | D        | Identified the +4 hand axe of Waypn {flame, rElec rC+ MR- SInv}
   264 | D        | Killed a deep elf priest
   264 | D        | Reached ***** piety under the Shining One
   264 | D        | Reached skill level 5 in Armour
   267 | D        | Killed a deep elf mage
   267 | D        | Reached XP level 8. HP: 50/83 MP: 10/10
   269 | D        | Reached skill level 12 in Fighting
   275 | D        | Entered arena 4.
   275 | D        | Noticed a merfolk
   275 | D        | Noticed a merfolk
   275 | D        | Noticed a merfolk
   275 | D        | Noticed a merfolk
   286 | D        | Slain by a merfolk

Vault maps used:
D:        sprint_v

Action                   |  1- 3 |  4- 6 |  7- 9 || total
-------------------------+-------+-------+-------++-------
Melee: Lance             |     7 |    14 |    18 ||    39
Evoke: Wand              |       |       |     1 ||     1
  Use: Potion            |     2 |       |       ||     2
